 Dungeon Crawl Stone Soup version 0.29.1-12-g30fa7ad0bf (webtiles) character file.

Game seed: 11387543582733322900

112 concernfroge the Trooper (level 4, -4/39 HPs)
             Began as a Mummy Monk on Dec 24, 2022.
             Slain by a gnoll
             ... wielding a +0 flail
              (6 damage)
             ... on level 2 of the Dungeon.
             The game lasted 00:05:01 (2392 turns).

concernfroge the Trooper (Mummy Monk)               Turns: 2392, Time: 00:05:01

Health: -4/39      AC:  6    Str: 17    XL:     4   Next: 63%
Magic:  4/4        EV: 11    Int:  9    God:
Gold:   89         SH:  0    Dex: 16    Spells: 3/3 levels left

rFire   x . .      SeeInvis +   a - +0 falchion
rCold   + . .      Faith    .   (no shield)
rNeg    + + +      Spirit   .   f - +0 ring mail
rPois   ∞          Reflect  .   (no helmet)
rElec   .          Harm     .   (no cloak)
rCorr   .          Rampage  .   e - +0 pair of gloves of the Grue {Fly Str+3 SInv}
Will    .....                   (no boots)
Stlth   +.........              (no amulet)
HPRegen 0.13/turn               (no ring)
MPRegen 0.09/turn               (no ring)

@: flying
A: cold resistance 1, negative energy resistance 3, torment resistance 2, heat
vulnerability 1, in touch with death 1, no potions
a: no special abilities


You were on level 2 of the Dungeon.
You visited 1 branch of the dungeon, and saw 3 of its levels.

You collected 89 gold pieces.

Inventory:

Hand Weapons
 a - a +0 falchion (weapon)
Missiles
 h - 15 stones (quivered)
Armour
 e - the +0 pair of gloves of the Grue (worn) {Fly Str+3 SInv}
   (You acquired it on level 2 of the Dungeon)

   Str:       It affects your strength (+3).
   SInv:      It lets you see invisible.
   Fly:       It grants you flight.
 f - a +0 ring mail (worn)
Scrolls
 b - a scroll of vulnerability
 c - a scroll of identify
 d - 3 scrolls of teleportation
 i - a scroll of poison
 j - a scroll of amnesia
 k - a scroll of magic mapping
 l - a scroll of noise


   Skills:
 + Level 5.4 Fighting
 - Level 2.4 Long Blades
 - Level 2.4 Dodging
 - Level 1.5 Stealth


You had 3 spell levels left.
You didn't know any spells.
Your spell library contained the following spells:

 Spells                   Type           Power      Damage    Failure   Level
 Foxfire                  Conj/Fire      0%         2x1d4     58%         1
 Conjure Flame            Conj/Fire      0%         6-21      92%         3
 Gell's Gravitas          Tloc           0%         N/A       92%         3
 Inner Flame              Hex/Fire       0%         N/A       92%         3
 Teleport Other           Tloc           0%         N/A       92%         3
 Flame Wave               Conj/Fire      0%         2d4       100%        4
 Dispersal                Tloc           0%         N/A       100%        6
 Summon Hydra             Summ           0%         N/A       100%        7
 Sublimation of Blood     Necr           Unusable   N/A       N/A         2
 Wereblood                Tmut           Unusable   N/A       N/A         2

Dungeon Overview and Level Annotations

Branches:
Dungeon (3/15)

Altars:
Xom


Innate Abilities, Weirdness & Mutations

You are immune to poison.
Your flesh is cold resistant. (rC+)
You are immune to negative energy. (rN+++)
You are immune to unholy pain and torment.
You are vulnerable to heat. (rF-)
You are in touch with the powers of death.
You do not drink.


Message History

You closely miss the gnoll.
The gnoll is heavily wounded.
The gnoll hits you with a +0 whip. The gnoll hits you with a +0 flail!
The gnoll hits you with a +0 whip. The gnoll barely misses you.
You fly upwards.
There is a stone staircase leading down here.
You hit the gnoll.
The gnoll is almost dead.
The gnoll barely misses you. The gnoll misses you.
You closely miss the gnoll.
The gnoll is almost dead.
The gnoll hits you with a +0 flail! The gnoll barely misses you.
You are too injured to fight recklessly!
You are too injured to fight recklessly!
You are too injured to fight recklessly!
You are too injured to fight recklessly!
You are too injured to fight recklessly!
You barely miss the gnoll.
The gnoll is almost dead.
The gnoll hits you with a +0 flail!
* * * LOW HITPOINT WARNING * * *
The gnoll hits you with a +0 whip.
* * * LOW HITPOINT WARNING * * *
The gnoll closely misses you. The gnoll hits you with a +0 whip.
* * * LOW HITPOINT WARNING * * *
You hit the gnoll.
You kill the gnoll!
The gnoll hits you with a +0 flail.
* * * LOW HITPOINT WARNING * * *
You see here a +0 whip.
The gnoll closely misses you.
You see here a +0 whip.
The gnoll closely misses you.
You see here a +0 whip.
The gnoll hits you with a +0 flail.
* * * LOW HITPOINT WARNING * * *
You slash the gnoll!
The gnoll is severely wounded.
The gnoll hits you with a +0 flail.
You die...

#####
#...##############
#...##............
#...##.###########
#...#..#########
#.>†'<.........#
####.))##########.###
#.>..g..#### #.#.†
#...@##....### #.#.#
#....#####...# #.#.#
###### ###.# #.#.#
#.# #.#.# #.####.#).
#....#.#.. ####...#..
##..#.. #..#..


You could see a gnoll.

Vanquished Creatures
  2 gnolls
  2 adders (D:2)
  3 worms (D:2)
  4 dart slugs
  An endoplasm (D:1)
  4 giant cockroaches
  6 goblins
  3 hobgoblins
  3 jackals (D:1)
  4 quokkas
  2 ball pythons
  5 bats
  3 frilled lizards (D:1)
  11 kobolds
  3 rats
56 creatures vanquished.

Notes
Turn   | Place    | Note
-------+----------+-------------------------------------------
     0 | D:1      | concernfroge the Mummy Monk began the quest for the Orb.
     0 | D:1      | Reached XP level 1. HP: 18/18 MP: 1/1
   141 | D:1      | Reached XP level 2. HP: 19/24 MP: 2/2
   459 | D:1      | Reached skill level 4 in Fighting
   659 | D:1      | Found a faded altar of an unknown god.
   880 | D:1      | Gained mutation: You are in touch with the powers of death.
                  | [Mummy growth]
   880 | D:1      | Reached XP level 3. HP: 30/30 MP: 3/3
  1587 | D:2      | Reached skill level 5 in Fighting
  1587 | D:2      | Reached XP level 4. HP: 31/39 MP: 4/4
  1760 | D:2      | Found a shimmering altar of Xom.
  2306 | D:2      | Identified a scroll of acquirement
  2311 | D:2      | Acquired the +0 pair of gloves of the Grue {Fly Str+3 SInv}
  2392 | D:2      | Slain by a gnoll

Illustrated notes

Levels and vault maps discovered:
D:1:      giann_forest_graveyard, layout_rooms,
          hellmonk_ecumenical_altar_defaced_shrine
D:2:      layout_basic, basic_altar
D:3:      layout_basic, amcnicky_altar_gilded, corexii_shack, st_stairs_8,
          kennysheep_generic_room_15, uniq_crazy_yiuf_cottage, uniq_terence

Skill      XL: |  1  2  3 |
---------------+----------+-----
Fighting       | 4 5 |  5.4
Long Blades    | |  2.4
Dodging        | |  2.4
Stealth        | |  1.5

Action                   |  1- 3 |  4- 6 || total
-------------------------+-------+-------++-------
Melee: Falchion          |   103 |    12 ||   115
       Whip              |    32 |    31 ||    63
       Punch             |     1 |       ||     1
Throw: Stone             |       |     1 ||     1
  Use: Scroll            |       |     8 ||     8
 Stab: Sleeping          |     1 |       ||     1
Armor: Robe              |    14 |       ||    14
       Ring mail         |    28 |    13 ||    41
Dodge: Dodged            |    91 |    35 ||   126
